 Dungeon Crawl Stone Soup version 0.31-a0-369-g8eba5f6939 (webtiles) character file.

Game seed: 13139681231985137194

26 Newt the Changeling (level 2, 0/26 HPs)
             Began as a Draconian Shapeshifter on July 28, 2023.
             Slain by a gnoll
             ... wielding a +0 spear
              (3 damage)
             ... on level 2 of the Dungeon.
             The game lasted 00:00:55 (711 turns).

Newt the Changeling (Draconian Shapeshifter)         Turns: 711, Time: 00:00:56

Health: 0/26       AC:  4    Str: 17    XL:     2   Next: 89%
Magic:  2/2        EV: 11    Int:  8    God:
Gold:   37         SH:  3    Dex: 11    Spells: 1/1 levels left

rFire   . . .        m - +2 hand axe (freeze)
rCold   . . .        e - +0 buckler
rNeg    + . .        (body armour unavailable)
rPois   .            (helmet currently unavailable)
rElec   .            (cloak currently unavailable)
rCorr   .            (gloves currently unavailable)
SInv    .            (boots currently unavailable)
Will    .....        (no amulet)
Stlth   +            l - ring of positive energy
HPRegen 0.24/turn    (no ring)
MPRegen 0.08/turn

%: no passive effects
@: beast-form
A: beast (slay +2), AC +4, unfitting armour, cold-blooded
a: Begin Untransformation


You were on level 2 of the Dungeon.
You were a hulking beast.
You visited 1 branch of the dungeon, and saw 2 of its levels.

You collected 37 gold pieces.

Inventory:

Hand Weapons
 g - a +0 spear
 m - a +2 hand axe of freezing (weapon)
Armour
 e - a +0 buckler (worn)
Jewellery
 l - a ring of positive energy (left hand)
Talismans
 b - a beast talisman
Scrolls
 d - a scroll of poison {unknown}
 f - a scroll of enchant weapon {unknown}
 i - a scroll of fear {unknown}
 j - a scroll of identify {unknown}
 k - a scroll of teleportation {unknown}
Potions
 a - a potion of lignification
 c - a potion of heal wounds {unknown}
 h - a potion of curing {unknown}


   Skills:
 - Level 3.0 Fighting
 - Level 1.7 Dodging
 - Level 3.0 Unarmed Combat
 + Level 3.1 Shapeshifting


You had one spell level left.
You didn't know any spells.
Your spell library contained the following spells:

 Spells                   Type           Power      Damage    Failure   Level
 Call Canine Familiar     Summ           0%         N/A       86%         3
 Portal Projectile        Hex/Tloc       0%         N/A       86%         3
 Leda's Liquefaction      Hex/Erth       0%         N/A       99%         4


Dungeon Overview and Level Annotations

Branches:
Dungeon (2/15)

Altars:
Uskayaw


Innate Abilities, Weirdness & Mutations

You are a hulking beast.
Your limbs bulge with bestial killing power. (Slay +2)
Your plain brown scales are hard. (AC +4)
You cannot fit into any form of body armour.
You are cold-blooded and may be slowed by cold attacks.


Message History

Found a stone staircase leading down.
No target in view!
Found a hide-covered altar of Uskayaw.
No target in view!
No target in view!
No target in view!
A rat comes into view. 2 gnolls come into view.
Found a blackened iron ring.
The gnoll shouts! x2
A gnoll comes into view. It is wielding a +0 club. x2
The gnoll shouts! x2
The rat bites you.
There are monsters nearby!
You closely miss the rat. The rat closely misses you. The rat bites you.
Found a falchion.
You barely miss the rat. You tail-slap the rat.
You kill the rat!
The gnoll hits you from afar with a +0 spear.
The gnoll closely misses you.
You see here a rat corpse.
You hit the gnoll. You freeze the gnoll.
The gnoll is moderately wounded.
The gnoll misses you. The gnoll completely misses you.
The gnoll hits you with a +0 club. The gnoll closely misses you.
The gnoll barely misses you.
You barely miss the gnoll.
The gnoll is moderately wounded.
The gnoll hits you with a +0 club.
The gnoll hits you from afar with a +0 spear.
You hit the gnoll. You freeze the gnoll. You tail-slap the gnoll.
The gnoll is almost dead.
The gnoll hits you but does no damage. You block the gnoll's attack.
You barely miss the gnoll.
Your tail-slap misses the gnoll.
The gnoll is almost dead.
The gnoll hits you with a +0 club. The gnoll barely misses you.
The gnoll hits you with a +0 club!
* * * LOW HITPOINT WARNING * * *
The gnoll hits you from afar with a +0 spear.
You die...

#.##....#.###.
#.##.##.......# ##
#.##.##.#.#.#=##
...##.##.##........# ....##
...............#..# .......
#.##....##........#
.......##.##..............#
........#.##.##.##...._...#
.........#.##.##h##..g......
.........#.##.##g##.........
..........##.##gg.........#
................g>.....#...#
. ##.###.#.##.##........)...
.###.....................#.#
.......##...#.###..#...#.# #
#......'...............#.#
#......###.....##.##.#.#.#


You could see 4 gnolls.

Vanquished Creatures
  2 bats (D:1)
  2 endoplasms
  2 giant cockroaches (D:1)
  A goblin (D:1)
  3 hobgoblins (D:1)
  2 jackals (D:1)
  5 kobolds (D:1)
  A quokka (D:2)
  2 frilled lizards (D:1)
  3 rats
23 creatures vanquished.

Notes
Turn   | Place    | Note
-------+----------+-------------------------------------------
     0 | D:1      | Newt the Draconian Shapeshifter began the quest for the
                  | Orb.
     0 | D:1      | Reached XP level 1. HP: 16/16 MP: 1/1
   173 | D:1      | Reached XP level 2. HP: 22/25 MP: 2/2
   315 | D:1      | Found a faded altar of an unknown god.
   694 | D:2      | Found a hide-covered altar of Uskayaw.
   711 | D:2      | Slain by a gnoll

Illustrated notes

Levels and vault maps discovered:
D:1:      dpeg_arrival_boxorama, layout_rooms, chequers_ecumenical_altar_island
D:2:      layout_basic, basic_altar

Skill      XL: |  1  2 |
---------------+-------+-----
Fighting       | 2 3 |  3.0
Dodging        | |  1.7
Unarmed Combat | |  3.0
Shapeshifting  | |  3.1

Action                     || total
---------------------------++-------
  Melee: Spear             ||    66
         Unarmed           ||     6
         Tailslap          ||     9
         Hand axe          ||     7
 Armour: Skin              ||    22
  Dodge: Dodged            ||    39
  Block: Buckler           ||    12

Table legend: (Time is in decaauts)
 A = Elapsed time spent in this place.
 B = Non-inter-level travel time spent in this place.
 C = Inter-level travel time spent in this place.
 D = Time resting spent in this place.
 E = Time spent auto-exploring this place.
 F = Levels seen in this place.
 G = Mean time per level.
                   A        B        C        D        E       F      G
               +--------+--------+--------+--------+--------+-----+--------+
         Total |    732 |    729 |      3 |      0 |    521 |   2 |  366.0 |
       Dungeon |    732 |    729 |      3 |      0 |    521 |   2 |  366.0 |
               +--------+--------+--------+--------+--------+-----+--------+

Top non-repeatable levels by time:
     D:1: 597 daAuts
     D:2: 134 daAuts
